 Dungeon Crawl Stone Soup version bcrawl-1.28.1b (webtiles) character file.

Game seed: 1710693925248948409

177376 LostNumber the Chopper (level 5, -8/47 HPs)
             Began as a Minotaur Fighter on Dec 7, 2020.
             Mangled by an ogre
             ... wielding a +0 giant spiked club
              (24 damage)
             ... on level 4 of the Dungeon.
             The game lasted 00:03:01 (2452 turns).

LostNumber the Chopper (Minotaur Fighter)           Turns: 2452, Time: 00:03:01

Health: -8/47      AC:  7    Str: 21    XL:     5   Next: 74%
Magic:  4/4        EV:  6    Int:  5    God:
Gold:   281        SH:  9    Dex: 10    Spells: 4/4 levels left

rFire    . . .     SeeInvis .   a - +0 war axe
rCold    . . .     Gourm    .   c - +0 medium shield
rNeg     . . .     Faith    +   b - +0 scale mail
rPois    .         Spirit   .   v - +0 hat
rElec    .         Reflect  .   (no cloak)
rCorr    .         Harm     .   (no gloves)
MR       .....                  (no boots)
Stlth    ..........             k - amulet of faith {!P}
HPRegen  0.15/turn              (no ring)
MPRegen  0.09/turn              (no ring)

@: no status effects
A: retaliatory headbutt, horns 2
a: no special abilities


You were on level 4 of the Dungeon.
You were hungry.

You visited 1 branch of the dungeon, and saw 4 of its levels.

You collected 281 gold pieces.

Inventory:

Hand Weapons
 a - a +0 war axe (weapon)
Armour
 b - a +0 scale mail (worn)
 c - a +0 medium shield (worn)
 v - a +0 hat (worn)
   (You found it on level 3 of the Dungeon)
Jewellery
 k - an amulet of faith (around neck) {!P}
   (You found it on level 1 of the Dungeon)
Scrolls
 g - 3 scrolls of enchant weapon {unknown}
 h - a scroll of magic mapping {unknown}
 i - 3 scrolls of identify {@r1}
 m - a scroll of immolation {unknown}
 o - a scroll of noise {unknown}
 p - 4 scrolls of enchant armour {unknown}
 q - 2 scrolls of blinking {unknown}
 s - a scroll of teleportation {unknown}
Potions
 d - a potion of might
 f - a potion of agility {unknown}
 j - 2 potions of cancellation
 l - a potion of heal wounds {unknown}
 n - a potion of flight {unknown}
 r - a potion of curing {@q1}
 u - a potion of degeneration {unknown}
Comestibles
 e - a ration {!d!d}


   Skills:
 + Level 4.7 Fighting
 * Level 4.9 Axes
 + Level 4.7 Armour
 + Level 4.8 Shields


You had 4 spell levels left.
You didn't know any spells.
Your spell library was empty.

Dungeon Overview and Level Annotations

Branches:
Dungeon (4/12)
 Temple: D:4-7

Altars:
Ashenzari
Cheibriados

Annotations:
D:4 Dowan, Duvessa


Innate Abilities, Weirdness & Mutations

You reflexively headbutt those who attack you in melee.
You have a pair of horns on your head.


Message History

You hit the scorpion but do no damage.
You feel sick. You block the scorpion's attack.
You barely miss the scorpion.
You feel sick. The scorpion stings you.
You are more poisoned.
The scorpion poisons you! The scorpion stings you!
* * * LOW HITPOINT WARNING * * *
You hit the scorpion.
You feel sick. The scorpion stings you.
* * * LOW HITPOINT WARNING * * *
You slash the scorpion!
You headbutt the scorpion, but do no damage.
* * * LOW HITPOINT WARNING * * *
You feel sick. You block the scorpion's attack. The scorpion stings you.
* * * LOW HITPOINT WARNING * * *
You closely miss the scorpion.
* * * LOW HITPOINT WARNING * * *
You feel sick. You block the scorpion's attack.
You closely miss the scorpion. Your headbutt misses the scorpion.
* * * LOW HITPOINT WARNING * * *
You feel sick.
The scorpion stings you but does no damage.
The scorpion stings you.
* * * LOW HITPOINT WARNING * * *
You are more poisoned.
The scorpion poisons you!
You hit the scorpion.
You kill the scorpion!
* * * LOW HITPOINT WARNING * * *
You feel very sick.
It was a potion of curing.
You feel better.
You start resting.
You hear the slow rusting of a distant drain.
You hear the rusting of a distant drain.
You hear the rusting of a very distant drain.
Found 16 gold pieces.
Found a stone staircase leading down.
You now have 281 gold pieces (gained 16).
An ogre comes into view. It is wielding a +0 giant spiked club.
You have encountered a dangerous foe!
The ogre shouts!
You start waiting.
The ogre is too close now for your liking.
You slash the ogre!
The ogre hits you with a +0 giant spiked club!
You closely miss the ogre. You headbutt the ogre!
The ogre hits you with a +0 giant spiked club!!
* * * LOW HITPOINT WARNING * * *
You barely miss the ogre.
The ogre hits you with a +0 giant spiked club!!
Ouch! That really hurt!
You die...

....####
#####......#
...........# ..
...........##..
.............>##
..................
###
...................
...
......O............
###
......#@....#.......
.O... #.....#....#.
.... #............
... #.........# # ..
#.........# ... . .
#####.....#...#...
##...............#
...........###.# ...
...............#....


You could see an ogre.

Vanquished Creatures
  A scorpion (D:4)
  An orc wizard (D:3)
  A worker ant (D:3)
  An adder (D:3)
  4 oozes
  An adder skeleton (D:2)
  3 worms
  4 leopard geckos
  11 orcs (D:3)
  2 ball pythons
  5 bats
  A giant cockroach (D:1)
  9 goblins
  12 hobgoblins
  3 jackals
  5 kobolds
  2 quokkas
  3 frilled lizards
  5 rats
74 creatures vanquished.

Notes
Turn   | Place    | Note
-------+----------+-------------------------------------------
     0 | D:1      | LostNumber the Minotaur Fighter began the quest for the
                  | Orb.
     0 | D:1      | Reached XP level 1. HP: 19/19 MP: 0/0
    45 | D:1      | Reached XP level 2. HP: 26/27 MP: 1/1
   400 | D:1      | Reached XP level 3. HP: 33/33 MP: 2/2
  1108 | D:2      | Found a faded altar of an unknown god.
  1151 | D:2      | Reached XP level 4. HP: 35/40 MP: 3/3
  1233 | D:2      | Found a snail-covered altar of Cheibriados.
  1475 | D:3      | Found a shattered altar of Ashenzari.
  1586 | D:3      | Reached XP level 5. HP: 40/47 MP: 4/4
  2144 | D:4      | Noticed Duvessa
  2144 | D:4      | Noticed Dowan
  2291 | D:4      | HP: 2/47 [poisoned by a scorpion]
  2444 | D:4      | Noticed an ogre
  2452 | D:4      | Mangled by an ogre

Skill      XL: |  1  2  3  4 |
---------------+-------------+-----
Axes           | 3 4 |  4.9
Fighting       | 4 |  4.7
Shields        | 4 |  4.8
Armour         | 4 |  4.7

Action                   |  1- 3 |  4- 6 || total
-------------------------+-------+-------++-------
Melee: War axe           |   115 |    81 ||   196
       Headbutt          |    13 |    13 ||    26
  Use: Scroll            |       |     1 ||     1
       Potion            |       |     1 ||     1
  Eat: Chunk             |     5 |     6 ||    11
Armor: Scale mail        |    66 |    31 ||    97
Dodge: Dodged            |    24 |    17 ||    41
Block: Medium shield     |    53 |    48 ||   101
